 Dungeon Crawl Stone Soup version 0.28.0-47-ge53b351184 (webtiles) character file.

Game seed: 16811139640147538892

133 klau3 the Grave Robber (level 4, 0/30 HPs)
             Began as a Mummy Necromancer on May 6, 2022.
             Slain by an orc
             ... wielding a +0 trident
              (4 damage)
             ... on level 3 of the Dungeon.
             The game lasted 00:14:35 (2665 turns).

klau3 the Grave Robber (Mummy Necromancer)          Turns: 2665, Time: 00:14:35

Health: 0/30       AC:  2    Str: 11    XL:     4   Next: 94%
Magic:  1/10       EV: 12    Int: 16    God:
Gold:   148        SH:  0    Dex: 24    Spells: 9/11 levels left

rFire   x . .      SeeInvis .   o - +1 short sword (protect)
rCold   + . .      Faith    .   (no shield)
rNeg    + + +      Spirit   .   a - +0 robe
rPois   ∞          Reflect  .   (no helmet)
rElec   .          Harm     .   (no cloak)
rCorr   .          Rampage  .   (no gloves)
Will    .....                   (no boots)
Stlth   ++........              (no amulet)
HPRegen 0.10/turn               c - +6 ring of dexterity
MPRegen 0.12/turn               d - +6 ring of dexterity

@: about to teleport
A: cold resistance 1, negative energy resistance 3, torment resistance 2, heat
vulnerability 1, no potions
a: no special abilities


You were on level 3 of the Dungeon.
You visited 1 branch of the dungeon, and saw 3 of its levels.

You collected 148 gold pieces.

Inventory:

Hand Weapons
 i - a +0 dagger
 j - a +0 short sword
 m - a +0 great sword
 o - a +1 short sword of protection (weapon)
Missiles
 h - 45 stones
 q - 3 poisoned darts
Armour
 a - a +0 robe (worn)
 n - a +0 chain mail
Jewellery
 c - a +6 ring of dexterity (left hand)
 d - a +6 ring of dexterity (right hand)
Scrolls
 b - a scroll of teleportation
 e - 2 scrolls of silence {unknown}
 f - a scroll of amnesia {unknown}
 g - 2 scrolls of identify
 k - 2 scrolls of immolation {unknown}
 l - a scroll of magic mapping {unknown}
 p - a scroll of blinking {unknown}


   Skills:
 + Level 0.2 Fighting
 + Level 0.1 Short Blades
 + Level 1.6 Dodging
 + Level 1.6 Stealth
 + Level 4.2 Spellcasting
 + Level 5.5 Necromancy


You had 9 spell levels left.
You knew the following spells:

 Your Spells              Type           Power      Damage    Failure   Level
a - Pain                  Necr           84%        1d8       1%          1
b - Animate Skeleton      Necr           42%        N/A       1%          1

Your spell library contained the following spells:

 Spells                   Type           Power      Damage    Failure   Level
 Vampiric Draining        Necr           21%        2d7       5%          3
 Magic Dart               Conj           12%        1d3       17%         1
 Animate Dead             Necr           10%        N/A       17%         4
 Searing Ray              Conj           6%         2d4       26%         2
 Agony                    Necr           21%        N/A       43%         5
 Fulminant Prism          Conj/Hex       1%         3d6       86%         4


Dungeon Overview and Level Annotations

Branches:
Dungeon (3/15)

Altars:

Shops:
D:1 =   D:2 :


Innate Abilities, Weirdness & Mutations

You are immune to poison.
Your flesh is cold resistant. (rC+)
You are immune to negative energy. (rN+++)
You are immune to unholy pain and torment.
You are vulnerable to heat. (rF-)
You do not drink.


Message History

You kill the orc!
Aiming: Pain (safe; 1% risk of failure)
Press: ? - help, Q - select action, (/) - cycle Shift-Dir - straight line, f - orc priest
Aim: an orc priest, wielding a +0 club (chance to affect: 80%)
The orc priest writhes in agony.
The orc priest hits you with a +0 club. The orc misses you.
Unknown command.
Aiming: Pain (safe; 1% risk of failure)
Press: ? - help, Q - select action, (/) - cycle Shift-Dir - straight line, f/p - orc priest
Aim: an orc priest, wielding a +0 club (moderately wounded, chance to affect: 80%)
The orc priest writhes in agony!
The orc priest looks braver for a moment.
The orc hits you from afar with a +0 trident!
Aiming: Pain (safe; 1% risk of failure)
Press: ? - help, Q - select action, (/) - cycle Shift-Dir - straight line, f/p - orc priest
Aim: an orc priest, wielding a +0 club (severely wounded, chance to affect: 80%)
The orc priest writhes in agony.
The orc priest hits you with a +0 club. The orc barely misses you.
Aiming: Pain (safe; 1% risk of failure)
Press: ? - help, Q - select action, (/) - cycle Shift-Dir - straight line, f/p - orc priest
Aim: an orc priest, wielding a +0 club (severely wounded, chance to affect: 80%)
The orc priest barely resists.
The orc priest closely misses you. The orc misses you.
Aiming: Pain (safe; 1% risk of failure)
Press: ? - help, Q - select action, (/) - cycle Shift-Dir - straight line, f/p - orc priest
Aim: an orc priest, wielding a +0 club (severely wounded, chance to affect: 80%)
The orc priest writhes in agony.
The orc priest barely misses you.
The orc hits you from afar with a +0 trident!
* * * LOW HITPOINT WARNING * * *
As you read the scroll labelled AROUTOLLAET, it crumbles to dust.
It is a scroll of identify.
b - 2 scrolls of teleportation The orc priest barely misses you.
The orc hits you from afar with a +0 trident.
* * * LOW HITPOINT WARNING * * *
As you read the scroll of teleportation, it crumbles to dust.
You feel strangely unstable.
The orc hits you from afar with a +0 trident.
You die...

#.# #.# #.# #### .# #.#
..) . ....###.####.# #.
# #..........# .. ..##
######.....## .#
#...##......###.o###..#
.......####..#..@.o).#
.##....# ##.#.#####...#
####.# ...# #.>..
#.#####..## ###
#........#
########.<...######
#.......÷..........
...#######...##### ..##
##..# ##


You could see an orc priest and an orc.

Vanquished Creatures
  A hound (D:3)
  3 adders
  A worm (D:2)
  4 dart slugs
  4 orcs (D:3)
  7 endoplasms
  7 goblins
  A hobgoblin (D:3)
  9 jackals (D:2)
  6 kobolds
  3 quokkas
  4 ball pythons
  2 frilled lizards
  5 rats
57 creatures vanquished.

Notes
Turn   | Place    | Note
-------+----------+-------------------------------------------
     0 | D:1      | klau3 the Mummy Necromancer began the quest for the Orb.
     0 | D:1      | Reached XP level 1. HP: 13/13 MP: 4/4
   130 | D:1      | Found Deschoh's Jewellery Emporium.
   134 | D:1      | Reached XP level 2. HP: 19/19 MP: 1/5
   730 | D:1      | Learned a level 1 spell: Animate Skeleton
   950 | D:2      | Reached XP level 3. HP: 24/24 MP: 3/7
  1656 | D:2      | Found Ziesudul's Book Shoppe.
  2206 | D:3      | Reached skill level 5 in Necromancy
  2206 | D:3      | Reached XP level 4. HP: 27/30 MP: 5/10
  2343 | D:3      | Found a faded altar of an unknown god.
  2665 | D:3      | Slain by an orc

Illustrated notes

Levels and vault maps discovered:
D:1:      minmay_arrival_three_doors, layout_basic, serial_shops,
          nicolae_shop_crystal, minmay_tree_intersection, serial_bayou_pond_d
D:2:      layout_basic, serial_shops, nicolae_diamond_shop
D:3:      layout_rooms, mainiacjoe_overflow_six_doors_small,
          mainiacjoe_overflow_tiny_flanked, hellmonk_ecumenical_altar_zigzags

Skill      XL: |  1  2  3 |
---------------+----------+-----
Spellcasting   | 3 4 |  4.2
Necromancy     | 5 |  5.5
Fighting       | |  0.2
Short Blades   | |  0.1
Dodging        | |  1.6
Stealth        | |  1.6

Action                   |  1- 3 |  4- 6 || total
-------------------------+-------+-------++-------
Melee: Unarmed           |     2 |       ||     2
       Short sword       |     5 |       ||     5
 Cast: Pain              |    99 |    40 ||   139
       Animate Skeleton  |     3 |       ||     3
  Use: Scroll            |       |     2 ||     2
Armor: Robe              |     3 |       ||     3
Dodge: Dodged            |    21 |    10 ||    31
